 Dungeon Crawl Stone Soup version 0.27-a0-412-g8dd771e (webtiles) character file.

Game seed: 11208311892777275517

112 MrTaco21 the Cudgeller (level 4, 0/28 HPs)
             Began as a Gargoyle Fighter on Feb 23, 2021.
             Slain by a river rat (3 damage)
             ... in a sewer.
             The game lasted 00:01:54 (2186 turns).

MrTaco21 the Cudgeller (Gargoyle Fighter)           Turns: 2186, Time: 00:01:54

Health: 0/28       AC: 11    Str: 21    XL:     4   Next: 93%
Magic:  4/4        EV:  7    Int:  8    God:
Gold:   108        SH:  9    Dex:  9    Spells: 3/3 levels left

rFire    x . .     SeeInvis .   a - +0 flail
rCold    + . .     Faith    .   c - +0 kite shield
rNeg     + . .     Spirit   .   b - +0 scale mail
rPois    ∞         Reflect  .   (no helmet)
rElec    +         Harm     .   (no cloak)
rCorr    .         Rampage  .   (no gloves)
Will     .....                  n - +0 pair of boots
Stlth    ..........             (no amulet)
HPRegen  0.09/turn              h - ring of ice
MPRegen  0.09/turn              (no ring)

@: no status effects
A: negative energy resistance 1, electricity resistance, unbreathing,
petrification resistance, miasma immunity, AC +3
a: no special abilities


You were in a sewer.
You visited 1 branch of the dungeon, and saw 3 of its levels.
You also visited: Sewer.

You collected 108 gold pieces.

Inventory:

Hand Weapons
 a - a +0 flail (weapon)
Armour
 b - a +0 scale mail (worn)
 c - a +0 kite shield (worn)
 n - a +0 pair of boots (worn)
   (You found it on level 1 of the Dungeon)
Jewellery
 h - a ring of ice (left hand)
   (You found it on level 1 of the Dungeon)
Wands
 q - a wand of mindburst (17)
   (You found it on level 2 of the Dungeon)
Scrolls
 e - a scroll of noise {unknown}
 g - 3 scrolls of identify {unknown}
 j - 2 scrolls of enchant armour {unknown}
 m - a scroll of fog {unknown}
 r - 2 scrolls of teleportation {unknown}
Potions
 d - a potion of might
 f - a potion of berserk rage {unknown}
 i - 4 potions of curing {unknown}
 k - a potion of lignification {unknown}
 l - a potion of haste {unknown}
 o - a potion of attraction {unknown}
 p - a potion of invisibility {unknown}


   Skills:
 - Level 3.2 Fighting
 + Level 4.9 Maces & Flails
 - Level 3.2 Armour
 - Level 3.2 Shields


You had 3 spell levels left.
You didn't know any spells.
Your spell library was empty.

Dungeon Overview and Level Annotations

Branches:
Dungeon (3/15)              Sewer (1/1)

Altars:
Kikubaaqudgha


Innate Abilities, Weirdness & Mutations

You are resistant to torment.
Your stone body is resilient. (AC +3)
You are immune to poison.
You resist negative energy. (rN+)
You are resistant to electric shocks. (rElec)
You can survive without breathing.
You are immune to petrification.
You are immune to miasma.


Message History

A rat and 3 river rats come into view.
Found a gate leading back out of this place.
There is an empty arch of ancient stone here.
The rat bites you.
You barely miss the rat. You block the rat's attack.
You hit the rat.
You kill the rat!
You barely miss the river rat. You block the river rat's attack.
The river rat bites you.
You hit the river rat. The river rat bites you.
You block the river rat's attack.
You hit the river rat but do no damage. You block the river rat's attack.
The river rat barely misses you.
The river rat bites you but does no damage. x2
You hit the river rat. You block the river rat's attack.
The river rat bites you.
You hit the river rat but do no damage.
The river rat bites you but does no damage.
You block the river rat's attack. x2
You closely miss the river rat. You block the river rat's attack. x2
The river rat bites you but does no damage.
You hit the river rat.
The river rat bites you but does no damage.
You block the river rat's attack. The river rat bites you.
* * * LOW HITPOINT WARNING * * *
You barely miss the river rat. You block the river rat's attack.
The river rat barely misses you. x2
You completely miss the river rat. You block the river rat's attack.
The river rat barely misses you.
You barely miss the river rat. You block the river rat's attack. x2
The river rat bites you but does no damage.
The river rat bites you.
* * * LOW HITPOINT WARNING * * *
You closely miss the river rat.
The river rat twitches its whiskers.
You block the river rat's attack.
The river rat bites you but does no damage.
Unknown command.
You closely miss the river rat. The river rat closely misses you.
The river rat bites you.
* * * LOW HITPOINT WARNING * * *
The river rat closely misses you.
You hit the river rat.
You kill the river rat!
You block the river rat's attack.
You see here a rat corpse.
Unknown command.
You hit the river rat. You block the river rat's attack.
You barely miss the river rat. The river rat bites you.
You die... ################# ≈≈≈....@rr.∩....# #################

You could see 2 river rats.

Vanquished Creatures
  An orc priest (D:2)
  An adder (D:2)
  A river rat (Sewer)
  2 worms
  2 dart slugs
  3 leopard geckos
  3 orcs (D:2)
  5 bats
  5 goblins
  5 hobgoblins
  3 jackals (D:1)
  A ball python (D:3)
  9 frilled lizards
  2 kobolds
  9 rats
52 creatures vanquished.

Notes
Turn   | Place    | Note
-------+----------+-------------------------------------------
     0 | D:1      | MrTaco21 the Gargoyle Fighter began the quest for the Orb.
     0 | D:1      | Reached XP level 1. HP: 14/14 MP: 1/1
   252 | D:1      | Reached XP level 2. HP: 19/19 MP: 2/2
   302 | D:1      | Reached skill level 3 in Maces & Flails
   515 | D:1      | Reached XP level 3. HP: 20/23 MP: 3/3
   912 | D:2      | Found an ancient bone altar of Kikubaaqudgha.
  1375 | D:2      | Reached skill level 4 in Maces & Flails
  1690 | D:2      | Reached XP level 4. HP: 10/28 MP: 4/4
  2094 | D:3      | Found a glowing drain.
  2167 | Sewer    | Entered a sewer
  2186 | Sewer    | Slain by a river rat

Illustrated notes

Levels and vault maps discovered:
D:1:      evilmike_arrival_hilbert_curve, layout_rooms
D:2:      layout_loops_corners, kiku_gazebo_garden_becter
D:3:      layout_loops_ring, nicolae_ru_path_of_blood, portal_sewer_entry_e,
          chequers_ecumenical_altar_simple, minmay_ogre_servants, uniq_grinder,
          uniq_sigmund
Sewer:    sewer_kobolds

Skill      XL: |  1  2  3 |
---------------+----------+-----
Maces & Flails | 3 4 |  4.9
Fighting       | |  3.2
Armour         | |  3.2
Shields        | |  3.2

Action                   |  1- 3 |  4- 6 || total
-------------------------+-------+-------++-------
Melee: Flail             |   144 |    49 ||   193
Armor: Scale mail        |    70 |    26 ||    96
Dodge: Dodged            |    49 |    21 ||    70
Block: Kite shield       |    93 |    37 ||   130

Table legend: (Time is in decaauts)
 A = Elapsed time spent in this place.
 B = Non-inter-level travel time spent in this place.
 C = Inter-level travel time spent in this place.
 D = Time resting spent in this place.
 E = Time spent auto-exploring this place.
 F = Levels seen in this place.
 G = Mean time per level.
                   A        B        C        D        E       F      G
               +--------+--------+--------+--------+--------+-----+--------+
         Total |   2272 |   2239 |     33 |    400 |   1413 |   4 |  568.0 |
       Dungeon |   2247 |   2214 |     33 |    400 |   1413 |   3 |  749.0 |
         Sewer |     25 |     25 |      0 |      0 |      0 |   1 |   25.0 |
               +--------+--------+--------+--------+--------+-----+--------+

Top non-repeatable levels by time:
     D:2: 1213 daAuts
     D:1: 840 daAuts
     D:3: 193 daAuts
   Sewer: 25 daAuts
